 Dungeon Crawl Stone Soup version 0.27.1-33-g824d729ab1 (webtiles) character file.

Game seed: 14885591650136135668

236 ces the Shield-Bearer (level 6, 0/79 HPs)
             Began as a Gnoll Fighter on Dec 8, 2021.
             Slain by a goblin (5 damage)
             ... led by Robin
             ... on level 3 of the Dungeon.
             The game lasted 00:06:07 (4112 turns).

ces the Shield-Bearer (Gnoll Fighter)               Turns: 4112, Time: 00:06:08

Health: 0/79       AC: 23    Str: 17    XL:     6   Next: 6%
Magic:  8/8        EV:  2    Int:  8    God:
Gold:   254        SH: 10    Dex: 11    Spells: 8/8 levels left

rFire    . . .     SeeInvis .   a - +0 war axe
rCold    . . .     Faith    .   c - +0 kite shield
rNeg     + + +     Spirit   .   (armour currently unavailable)
rPois    +         Reflect  .   (helmet currently unavailable)
rElec    .         Harm     .   (cloak currently unavailable)
rCorr    .         Rampage  .   (gloves currently unavailable)
Will     .....     NoTele   +   (boots currently unavailable)
Stlth    ++........             (no amulet)
HPRegen  0.23/turn              (no ring)
MPRegen  0.11/turn              (no ring)

@: tree-form
A: stationary, stasis, torment immunity, boosted hp, (fangs 1), strong nose,
distributed training
a: no special abilities


You were on level 3 of the Dungeon.
You were a tree.
You visited 1 branch of the dungeon, and saw 4 of its levels.

You collected 254 gold pieces.

Inventory:

Hand Weapons
 a - a +0 war axe (weapon)
 p - a +0 arbalest
Missiles
 s - 18 bolts
Armour
 b - a +0 scale mail (melded)
 c - a +0 kite shield (worn)
Jewellery
 q - a ring of resist corrosion
 t - a ring of see invisible
 v - a ring of magical power
Scrolls
 f - a scroll of teleportation
 h - a scroll of enchant weapon {unknown}
 i - a scroll of fog {unknown}
 o - a scroll of silence {unknown}
 u - a scroll of magic mapping
Potions
 d - a potion of might
 g - a potion of invisibility
 j - a potion of curing
 k - 2 potions of flight
 l - a potion of lignification
 m - a potion of cancellation
 r - a potion of ambrosia {unknown}


   Skills:
 + Level 6.8 Fighting
 + Level 1.8 Short Blades
 + Level 1.8 Long Blades
 + Level 4.9 Axes
 + Level 1.8 Maces & Flails
 + Level 1.8 Polearms
 + Level 1.8 Staves
 + Level 1.8 Slings
 + Level 1.8 Bows
 + Level 1.8 Crossbows
 + Level 1.8 Throwing
 + Level 6.8 Armour
 + Level 1.8 Dodging
 + Level 1.8 Stealth
 + Level 6.8 Shields
 + Level 1.8 Unarmed Combat
 + Level 1.8 Spellcasting
 + Level 1.4 Conjurations
 + Level 1.4 Hexes
 + Level 1.4 Summonings
 + Level 1.4 Necromancy
 + Level 1.4 Translocations
 + Level 1.4 Transmutations
 + Level 1.4 Fire Magic
 + Level 1.4 Ice Magic
 + Level 1.4 Air Magic
 + Level 1.4 Earth Magic
 + Level 1.4 Poison Magic
 + Level 2.0 Invocations
 + Level 1.8 Evocations


You had 8 spell levels left.
You didn't know any spells.
Your spell library contained the following spells:

 Spells                   Type           Power      Damage    Failure   Level
 Alistair's Intoxication  Tmut/Pois      1%         N/A       100%        5
 Borgnjor's Vile Clutch   Necr/Erth      1%         N/A       100%        5
 Fireball                 Conj/Fire      1%         3d3       100%        5
 Eringya's Noxious Bog    Tmut/Pois      1%         N/A       100%        6
 Starburst                Conj/Fire      1%         6d3       100%        6
 Ignition                 Fire           1%         3d3       100%        8


Dungeon Overview and Level Annotations

Branches:
Dungeon (4/15)
 Temple: D:4-7

Altars:

Annotations:
D:3 Robin
D:4 Grinder


Innate Abilities, Weirdness & Mutations

You are a tree.
Your roots penetrate the ground, keeping you stationary.
You cannot be teleported.
You are immune to unholy pain and torment.
Your maximum health is greatly increased.
Your equipment is partially melded.
((You have very sharp teeth.))
Your uncanny sense of smell can sniff out nearby items.
Your experience applies equally to all skills.


Message History

The ball python constricts you.
You hit the goblin but do no damage. You hit the ball python.
You kill the ball python!
You block the goblin's attack.
Robin hits you from afar with a +2 spear of flaming.
Robin burns you. The goblin hits you but does no damage.
You closely miss the goblin. You barely miss the ogre.
The ogre hits you with a +0 giant club! You block the goblin's attack.
Robin hits you from afar with a +2 spear of flaming.
Robin burns you.
As you read the scroll of teleportation, it crumbles to dust.
You feel strangely unstable. The ogre closely misses you.
You block the goblin's attack.
It was a potion of lignification.
You turn into a tree.
Your +0 scale mail melds into your body.
Your roots penetrate the ground.
You feel strangely stable. The goblin hits you but does no damage.
The ogre hits you with a +0 giant club!
Okay, then.
You hit the ogre.
The ogre is moderately wounded.
You closely miss the goblin. The goblin hits you but does no damage.
Robin hits you from afar with a +2 spear of flaming.
Robin burns you.
* * * LOW HITPOINT WARNING * * *
The ogre hits you with a +0 giant club!
* * * LOW HITPOINT WARNING * * *
The goblin hits you but does no damage.
You hit the ogre.
The ogre is moderately wounded.
You hit the goblin.
The hobgoblin no longer looks unusually strong.
The ogre hits you but does no damage. The goblin hits you with a +0 dagger.
* * * LOW HITPOINT WARNING * * *
You hit the ogre.
The ogre is heavily wounded.
You hit the goblin but do no damage. The goblin hits you but does no damage.
The ogre hits you with a +0 giant club!
* * * LOW HITPOINT WARNING * * *
The goblin hits you with a +0 dagger.
You die...

#...#######.#
#.# #.#
............#
#)# #.#
#############
##.###.#
########
#...##.#
.......#
####..###.#
######.##
#.........#
#...#
#g##.######
##.## #g##.#
### #♣##.#
### #O##.#
#.# #g##.#
######.#
#<##.#
.......#
#.##.#
#####..#
#.##.# #####
...##..#
#.##.# #....
.#..#..#
#.##.# #.###
##.....##
###.##.####
#.#


You could see an ogre, Robin, a hobgoblin and a goblin (strong).

Vanquished Creatures
  A jelly (D:4)
  A hound (D:4)
  Jessica (D:3)
  2 adders
  An adder skeleton (D:4)
  2 worms
  3 dart slugs
  7 orcs
  8 ball pythons
  9 bats
  5 endoplasms
  3 giant cockroaches
  16 goblins
  15 hobgoblins
  6 jackals
  5 kobolds
  6 quokkas
  3 frilled lizards
  7 rats
101 creatures vanquished.

Notes
Turn   | Place    | Note
-------+----------+-------------------------------------------
     0 | D:1      | ces the Gnoll Fighter began the quest for the Orb.
     0 | D:1      | Reached XP level 1. HP: 23/23 MP: 1/1
   183 | D:1      | Reached XP level 2. HP: 16/29 MP: 2/2
   522 | D:1      | Reached XP level 3. HP: 34/35 MP: 3/3
   786 | D:1      | Found a faded altar of an unknown god.
   982 | D:2      | Reached skill level 1 in Invocations
  1508 | D:2      | Reached skill level 1 in Short Blades
  1508 | D:2      | Reached skill level 1 in Long Blades
  1508 | D:2      | Reached skill level 1 in Maces & Flails
  1508 | D:2      | Reached skill level 1 in Polearms
  1508 | D:2      | Reached skill level 1 in Staves
  1508 | D:2      | Reached skill level 1 in Slings
  1508 | D:2      | Reached skill level 1 in Bows
  1508 | D:2      | Reached skill level 1 in Crossbows
  1508 | D:2      | Reached skill level 1 in Throwing
  1508 | D:2      | Reached skill level 1 in Dodging
  1508 | D:2      | Reached skill level 1 in Stealth
  1508 | D:2      | Reached skill level 1 in Unarmed Combat
  1508 | D:2      | Reached skill level 1 in Spellcasting
  1508 | D:2      | Reached skill level 1 in Evocations
  1986 | D:2      | Reached XP level 4. HP: 38/41 MP: 5/5
  2278 | D:3      | Noticed Jessica
  2283 | D:3      | Killed Jessica
  2284 | D:3      | Reached skill level 1 in Conjurations
  2284 | D:3      | Reached skill level 1 in Hexes
  2284 | D:3      | Reached skill level 1 in Summonings
  2284 | D:3      | Reached skill level 1 in Necromancy
  2284 | D:3      | Reached skill level 1 in Translocations
  2284 | D:3      | Reached skill level 1 in Transmutations
  2284 | D:3      | Reached skill level 1 in Fire Magic
  2284 | D:3      | Reached skill level 1 in Ice Magic
  2284 | D:3      | Reached skill level 1 in Air Magic
  2284 | D:3      | Reached skill level 1 in Earth Magic
  2284 | D:3      | Reached skill level 1 in Poison Magic
  2569 | D:3      | Reached XP level 5. HP: 47/47 MP: 6/6
  3277 | D:4      | Noticed Grinder
  3286 | D:4      | HP: 1/47 [goblin (4)]
  3703 | D:4      | Noticed Robin
  3707 | D:4      | Noticed an ogre
  3710 | D:3      | Reached XP level 6. HP: 48/53 MP: 8/8
  4112 | D:3      | Slain by a goblin

Illustrated notes

Levels and vault maps discovered:
D:1:      mrwooster_arrival_statue, layout_basic, basic_ecumenical_altar
D:2:      layout_basic, chequers_serial_rivers_large_a, chequers_arboretum
D:3:      layout_loops_ring, nrook_loot_triangle, minmay_misc_feat_tiny,
          eino_tiny_chamber, minmay_misc_feat_enclosed, kennysheep_jessica_study
D:4:      layout_cave_pools, minmay_fractal_squares_5, uniq_robin, uniq_grinder

Skill      XL: |  1  2  3  4  5  6 |
---------------+-------------------+-----
Invocations    | 1 2 |  2.0
Short Blades   | 1 |  1.8
Long Blades    | 1 |  1.8
Maces & Flails | 1 |  1.8
Polearms       | 1 |  1.8
Staves         | 1 |  1.8
Slings         | 1 |  1.8
Bows           | 1 |  1.8
Crossbows      | 1 |  1.8
Throwing       | 1 |  1.8
Dodging        | 1 |  1.8
Stealth        | 1 |  1.8
Unarmed Combat | 1 |  1.8
Spellcasting   | 1 |  1.8
Evocations     | 1 |  1.8
Conjurations   | 1 |  1.4
Hexes          | 1 |  1.4
Summonings     | 1 |  1.4
Necromancy     | 1 |  1.4
Translocations | 1 |  1.4
Transmutations | 1 |  1.4
Fire Magic     | 1 |  1.4
Ice Magic      | 1 |  1.4
Air Magic      | 1 |  1.4
Earth Magic    | 1 |  1.4
Poison Magic   | 1 |  1.4
Fighting       | |  6.8
Axes           | |  4.9
Armour         | |  6.8
Shields        | |  6.8

Action                   |  1- 3 |  4- 6 || total
-------------------------+-------+-------++-------
Melee: War axe           |    99 |   161 ||   260
       Bite              |    10 |    15 ||    25
  Use: Scroll            |       |     5 ||     5
       Potion            |       |     5 ||     5
 Stab: Invisible         |       |     1 ||     1
Armor: Scale mail        |    67 |    89 ||   156
       Skin              |       |     5 ||     5
Dodge: Dodged            |    35 |    80 ||   115
Block: Kite shield       |    72 |   120 ||   192
